 Seeded DCSS version 0.30.1-11-g7821555f0a (webtiles) character file.

Game seed: 12756009894327649987 (custom seed)

37 Psyclone the Conjurer (level 3, -4/19 HPs)
             Began as a Deep Elf Conjurer on Nov 6, 2023.
             Was an Initiate of Gozag.
             Killed by divine providence
             ... invoked by an orc priest
              (10 damage)
             ... on level 2 of the Dungeon.
             The game lasted 00:01:50 (1156 turns).

Psyclone the Conjurer (Deep Elf Conjurer)           Turns: 1156, Time: 00:01:50

Health: -4/19      AC:  2    Str:  4    XL:     3   Next: 21%
Magic:  2/10       EV: 12    Int: 24    God:    Gozag
Gold:   208        SH:  0    Dex: 13    Spells: 6/9 levels left

rFire   . . .        (no weapon)
rCold   . . .        (no shield)
rNeg    . . .        a - +0 robe
rPois   .            (no helmet)
rElec   .            (no cloak)
rCorr   .            (no gloves)
SInv    .            (no boots)
Will    .....        (no amulet)
Stlth   ++           (no ring)
HPRegen 0.23/turn    (no ring)
MPRegen 0.12/turn

%: no passive effects
@: gold aura
A: no striking features
a: Renounce Religion, Potion Petition, Call Merchant, Bribe Branch


You were on level 2 of the Dungeon.
You worshipped Gozag.
Gozag was aware of your devotion.
You visited 1 branch of the dungeon, and saw 2 of its levels.

You collected 208 gold pieces.

Inventory:

Armour
 a - a +0 robe (worn)
Jewellery
 f - an amulet of guardian spirit
 g - a ring of flight
 j - a ring of positive energy
Scrolls
 d - 2 scrolls of identify {unknown}
 e - a scroll of blinking {unknown}
 h - a scroll of noise {unknown}
 i - a scroll of magic mapping {unknown}
Potions
 b - a potion of magic
 c - a potion of might {unknown}
 k - a potion of curing {unknown}


   Skills:
 - Level 2.4 Dodging
 - Level 2.4 Stealth
 + Level 3.7 Spellcasting
 * Level 5.2 Conjurations


You had 6 spell levels left.
You knew the following spells:

 Your Spells              Type           Power      Damage    Failure   Level
a - Magic Dart            Conj           100%       1d8       1%          1
b - Searing Ray           Conj           58%        2d6       1%          2

Your spell library contained the following spells:

 Spells                   Type           Power      Damage    Failure   Level
 Dazzling Flash           Conj/Hex       34%        N/A       11%         3
 Fulminant Prism          Conj/Hex       8%         3d7       34%         4
 Iskenderun's Mystic Bla  Conj/Tloc      17%        2d5       34%         4


Dungeon Overview and Level Annotations

Branches:
Dungeon (2/15) Zot: 10842

Altars:
Gozag


Message History

You now have 8/10 mp.
Casting: Searing Ray (safe; 1% risk of failure)
Confirm with . or Enter, or press ? or * to list all spells.
Aiming: Searing Ray (safe; 1% risk of failure)
Press: ? - help, Shift-Dir - straight line, f/p - orc
Aim: an orc, wielding a +0 flail (79% to hit)
The searing ray hits the orc.
The orc is almost dead. (Press . to maintain the ray.)
The orc misses you.
You now have 6/10 mp.
The searing ray hits the orc!
You kill the orc!
The orc shouts!
You hear a shout!
You now have 5/10 mp.
The searing ray hits the orc.
The orc is severely wounded.
You now have 4/10 mp.
The searing ray hits the orc but does no damage.
The orc is severely wounded.
You finish channelling your searing ray.
You now have 3/10 mp.
Your magical contamination has completely faded away.
Casting: Searing Ray (safe; 1% risk of failure)
Confirm with . or Enter, or press ? or * to list all spells.
Aiming: Searing Ray (safe; 1% risk of failure)
Press: ? - help, Shift-Dir - straight line, f - orc
Aim: an orc, wielding a +0 war axe and wearing a +0 chain mail (heavily wounded, 85% to hit)
The searing ray hits the orc.
You kill the orc! (Press . to maintain the ray.)
The orc priest calls down the wrath of Beogh upon you.
Beogh smites you!
Ouch! That really hurt!
You take 13 damage, and have 6/19 hp.
MASSIVE DAMAGE!!
You now have 1/10 mp.
The orc priest invokes the aid of Beogh against you.
Beogh smites you!
Ouch! That really hurt!
You die...
Your body crumbles into a pile of gold.

#.# #.#.# #.# #.#
###.#.###.### # #.# #
...........#.# # #.#
#.####.##.##.#.#.# # #.#
#................###
####.#######......#...[.....
#..................!$....###
#....######........$.o......
#.......# #.....@....#.#.###
#....##+# #....#.....# ..
)....# #..........# ##
#)...# #............o .....#
#..........### ...<.+
#.#.......... .....#
..#........### .....#
#.#.....>. ######


You could see 2 orc priests.

Vanquished Creatures
  A dart slug (D:2)
  3 orcs (D:2)
  A ball python (D:1)
  3 bats
  2 endoplasms
  A giant cockroach (D:1)
  6 hobgoblins
  3 quokkas (D:1)
  A frilled lizard (D:1)
  5 goblins
26 creatures vanquished.

Notes
Turn   | Place    | Note
-------+----------+-------------------------------------------
     0 | D:1      | Psyclone the Deep Elf Conjurer began the quest for the Orb.
     0 | D:1      | Reached XP level 1. HP: 10/10 MP: 6/6
    53 | D:1      | Found a faded altar of an unknown god.
    76 | D:1      | Prayed at the altar of an unknown god.
    76 | D:1      | Became a worshipper of Gozag Ym Sagoz the Greedy
   255 | D:1      | Reached XP level 2. HP: 15/15 MP: 2/8
   873 | D:2      | Reached skill level 5 in Conjurations
   876 | D:2      | Learned a level 2 spell: Searing Ray
   983 | D:2      | Reached XP level 3. HP: 19/19 MP: 0/10
  1156 | D:2      | Killed from afar by an orc priest

Illustrated notes

Levels and vault maps discovered:
D:1:      dpeg_arrival_pits, layout_basic, ebering_ecumenical_altar_box
D:2:      layout_basic, minmay_goblin_outpost, uniq_crazy_yiuf_cottage

Skill      XL: |  1  2 |
---------------+-------+-----
Conjurations   | 5 |  5.2
Dodging        | |  2.4
Stealth        | |  2.4
Spellcasting   | |  3.7

Action                     || total
---------------------------++-------
   Cast: Magic Dart        ||    38
         Searing Ray       ||     5
 Armour: Robe              ||     3
  Dodge: Dodged            ||    11
